SKY
LOS ANGELES DODGERS @ BALTIMORE ORIOLES
06/12/2052
 
TOP OF THE 1ST
Los Angeles Dodgers batting - Pitching for Baltimore Orioles : RHP Patrick Class
Pitching: RHP Patrick Class
Batting: RHB Noah Summerville 0-0: Called Strike
0-1: Ball
1-1: Foul Ball, location: 5F
1-2: Ball
2-2: Ground out 5-3 (Groundball, 5S, EV 94.4 MPH)
Batting: LHB Trent Veasey 0-0: Ball
1-0: Ball
2-0: Foul Ball, location: 5SF
2-1: Reached on error, E8 (Flyball, 78D, EV 97.5 MPH)
Batting: RHB Storm Ellis 0-0: Ball
1-0: Called Strike
1-1: Ball
2-1: Ground out 5-3 (Groundball, 56S, EV 86.9 MPH)
Batting: LHB Kerry Pietrzak 0-0: Called Strike
0-1: Ball
1-1: Ball
2-1: Ball
3-1: Ground out 4-3 (Groundball, 34, EV 77.5 MPH)
Top of the 1st over - 0 runs, 0 hits, 1 error, 1 left on base; Los Angeles 0 - Baltimore 0
BOTTOM OF THE 1ST
Baltimore Orioles batting - Pitching for Los Angeles Dodgers : RHP Ray Morrison
Pitching: RHP Ray Morrison
Batting: LHB Tony Goerner 0-0: Ball
1-0: Fly out, F6 (Popup, 6S, EV 67.5 MPH)
Batting: SHB Magglio Trego 0-0: Foul Ball, location: 23FF
0-1: Ball
1-1: Fly out, F7 (Line Drive, 78M, EV 97.5 MPH)
Batting: SHB Kaleb Drew 0-0: Ball
1-0: Called Strike
1-1: Called Strike
1-2: Foul Ball, location: 7LSF
1-2: Ball
2-2: Ball
3-2: Strikes out swinging
Bottom of the 1st over - 0 runs, 0 hits, 0 errors, 0 left on base; Los Angeles 0 - Baltimore 0
TOP OF THE 2ND
Los Angeles Dodgers batting - Pitching for Baltimore Orioles : RHP Patrick Class
Batting: RHB Isaac Joseph 0-0: Ball
1-0: Ground out 6-3 (Groundball, 6M, EV 83.8 MPH)
Batting: RHB Everson Alberto 0-0: Ball
1-0: Called Strike
1-1: Foul Ball, location: 2F
1-2: Foul Ball, location: 25F
1-2: Ball
2-2: Strikes out looking
Batting: LHB Andrew Sibold 0-0: Ball
1-0: Ground out 6-3 (Groundball, 6, EV 90.6 MPH)
Top of the 2nd over - 0 runs, 0 hits, 0 errors, 0 left on base; Los Angeles 0 - Baltimore 0
BOTTOM OF THE 2ND
Baltimore Orioles batting - Pitching for Los Angeles Dodgers : RHP Ray Morrison
Batting: RHB Paul Ramos 0-0: Ball
1-0: Ball
2-0: Ball
3-0: Called Strike
3-1: Called Strike
3-2: Strikes out swinging
Batting: RHB Cooper Bean 0-0: Ball
1-0: Swinging Strike
1-1: DOUBLE (Line Drive, 78M, EV 110.6 MPH)
Batting: RHB Gunner Parks 0-0: Called Strike
0-1: Ball
1-1: Foul Ball, location: 9LMF
1-2: Strikes out swinging
Batting: RHB Dong-Kyoon Shin 0-0: Foul Ball, location: 5FF
0-1: Called Strike
0-2: Ball
1-2: Ball
2-2: Foul Ball, location: 9LSF
2-2: Strikes out swinging
Bottom of the 2nd over - 0 runs, 1 hit, 0 errors, 1 left on base; Los Angeles 0 - Baltimore 0
TOP OF THE 3RD
Los Angeles Dodgers batting - Pitching for Baltimore Orioles : RHP Patrick Class
Batting: SHB Kevin Tanaka 0-0: Called Strike
0-1: Foul Ball, location: 2F
0-2: Ball
1-2: Ball
2-2: Foul Ball, location: 2F
2-2: Ball
3-2: Foul Ball, location: 2F
3-2: SINGLE (Groundball, 2L, EV 70.0 MPH) (infield hit)
Batting: RHB Christian LeTourneau 0-0: Bunted foul
0-1: Ball
1-1: Sac Bunt to 13 - play at first, batter OUT! 1-3
Kevin Tanaka to second
Batting: RHB Noah Summerville 0-0: Ball
1-0: Foul Ball, location: 2F
1-1: Ball
2-1: Called Strike
2-2: SINGLE (Line Drive, 7S, EV 93.8 MPH)
Kevin Tanaka to third
Batting: LHB Trent Veasey 0-0: Swinging Strike
0-1: Foul Ball, location: 7LMF
0-2: Ball
1-2: Foul Ball, location: 7LDF
1-2: Grounds into double play, 4-6-3 (Groundball, 4, EV 91.3 MPH)
Top of the 3rd over - 0 runs, 2 hits, 0 errors, 1 left on base; Los Angeles 0 - Baltimore 0
BOTTOM OF THE 3RD
Baltimore Orioles batting - Pitching for Los Angeles Dodgers : RHP Ray Morrison
Batting: RHB Martin Taylor 0-0: Called Strike
0-1: Foul Ball, location: 23F
0-2: Ball
1-2: Ball
2-2: DOUBLE (Flyball, 7LD, EV 95.6 MPH)
Batting: RHB Gonçalo Melo 0-0: Ball
1-0: Ball
2-0: Called Strike
2-1: Ground out 4-3 (Groundball, 4D, EV 103.8 MPH)
Martin Taylor to third
Batting: LHB Tony Goerner 0-0: Called Strike
0-1: SINGLE (Line Drive, 3D, EV 100.6 MPH)
Martin Taylor scores
Batting: SHB Magglio Trego 0-0: Ball
1-0: Ball
2-0: DOUBLE (Line Drive, 9LM, EV 105.6 MPH)
Tony Goerner to third
Runner from 3rd tries for Home, SAFE, throw by RF to trailing runner, OUT at third! 9-3-5
Batting: SHB Kaleb Drew 0-0: Foul Ball, location: 3DF
0-1: Foul Ball, location: 23FF
0-2: Ball
1-2: Fly out, F9 (Flyball, 9LM, EV 91.9 MPH)
Bottom of the 3rd over - 2 runs, 3 hits, 0 errors, 0 left on base; Los Angeles 0 - Baltimore 2
TOP OF THE 4TH
Los Angeles Dodgers batting - Pitching for Baltimore Orioles : RHP Patrick Class
Batting: RHB Storm Ellis 0-0: Called Strike
0-1: Ball
1-1: Foul Ball, location: 3DF
1-2: Ball
2-2: DOUBLE (Line Drive, 89D, EV 100.6 MPH)
Batting: LHB Kerry Pietrzak 0-0: Called Strike
0-1: Called Strike
0-2: Ball
1-2: Fly out, F2 (Popup, 2RF, EV 91.3 MPH)
Batting: RHB Isaac Joseph 0-0: Ball
1-0: Called Strike
1-1: Ball
2-1: Foul Ball, location: 3DF
2-2: Foul Ball, location: 9LMF
2-2: Ball
3-2: Fly out, F7 (Flyball, 7, EV 85.6 MPH)
Batting: RHB Everson Alberto 0-0: Foul Ball, location: 5FF
0-1: Ground out 6-3 (Groundball, 6, EV 105.6 MPH)
Top of the 4th over - 0 runs, 1 hit, 0 errors, 1 left on base; Los Angeles 0 - Baltimore 2
BOTTOM OF THE 4TH
Baltimore Orioles batting - Pitching for Los Angeles Dodgers : RHP Ray Morrison
Batting: RHB Paul Ramos 0-0: Ball
1-0: Foul Ball, location: 2F
1-1: Foul Ball, location: 9LDF
1-2: Ball
2-2: Ball
3-2: Base on Balls
Batting: RHB Cooper Bean 0-0: Called Strike
0-1: Ball
1-1: Ball
2-1: SINGLE (Groundball, 6MD, EV 98.1 MPH) (infield hit)
Paul Ramos to second
Batting: RHB Gunner Parks 0-0: Called Strike
0-1: Ball
1-1: TRIPLE (Flyball, 9D, EV 90.0 MPH)
Paul Ramos scores
Cooper Bean scores
Batting: RHB Dong-Kyoon Shin 0-0: Fly out, F8 (Flyball, 8LM, EV 100.0 MPH)
Runner from 3rd tags up, SCORES, throw by CF
Pitching: RHP Lucas Williams
Batting: RHB Martin Taylor 0-0: Swinging Strike
0-1: Foul Ball, location: 25F
0-2: Ground out 5-3 (Groundball, 5, EV 103.8 MPH)
Batting: RHB Gonçalo Melo 0-0: Ball
1-0: Ball
2-0: Ball
3-0: Foul Ball, location: 5F
3-1: Foul Ball, location: 2F
3-2: TRIPLE (Flyball, 9LD, EV 92.5 MPH)
Batting: LHB Tony Goerner 0-0: Fly out, F5 (Popup, 5F, EV 77.5 MPH)
Bottom of the 4th over - 3 runs, 3 hits, 0 errors, 1 left on base; Los Angeles 0 - Baltimore 5
TOP OF THE 5TH
Los Angeles Dodgers batting - Pitching for Baltimore Orioles : RHP Patrick Class
Batting: LHB Andrew Sibold 0-0: Ball
1-0: Ball
2-0: Foul Ball, location: 9LDF
2-1: Foul Ball, location: 23F
2-2: Fly out, F6 (Popup, 6, EV 63.8 MPH)
Batting: SHB Kevin Tanaka 0-0: Ball
1-0: Foul Ball, location: 2LF
1-1: Ball
2-1: Foul Ball, location: 2F
2-2: Fly out, F7 (Line Drive, 7, EV 90.6 MPH)
Batting: RHB Christian LeTourneau 0-0: Called Strike
0-1: Ball
1-1: Called Strike
1-2: Ground out 4-3 (Groundball, 4, EV 96.9 MPH)
Top of the 5th over - 0 runs, 0 hits, 0 errors, 0 left on base; Los Angeles 0 - Baltimore 5
BOTTOM OF THE 5TH
Baltimore Orioles batting - Pitching for Los Angeles Dodgers : RHP Lucas Williams
Batting: SHB Magglio Trego 0-0: Ball
1-0: Fly out, F8 (Flyball, 8LM, EV 91.9 MPH)
Batting: SHB Kaleb Drew 0-0: Ball
1-0: Ball
2-0: Ball
3-0: Foul Ball, location: 25F
3-1: Base on Balls
Batting: RHB Paul Ramos 0-0: Ball
1-0: Ball
2-0: Called Strike
2-1: Called Strike
2-2: SINGLE (Groundball, 15, EV 67.5 MPH) (infield hit)
Kaleb Drew to second
Batting: RHB Cooper Bean 0-0: Ball
1-0: Ball
Kaleb Drew is caught stealing 3rd base 2-5
2-0: Ball
3-0: Called Strike
3-1: Called Strike
3-2: Fly out, F9 (Line Drive, 9S, EV 88.8 MPH)
Bottom of the 5th over - 0 runs, 1 hit, 0 errors, 1 left on base; Los Angeles 0 - Baltimore 5
TOP OF THE 6TH
Los Angeles Dodgers batting - Pitching for Baltimore Orioles : RHP Patrick Class
Batting: RHB Noah Summerville 0-0: Ball
1-0: Swinging Strike
1-1: Ball
2-1: Swinging Strike
2-2: Foul Ball, location: 2F
2-2: Strikes out swinging, 2-3 out at first.
Batting: LHB Trent Veasey 0-0: Foul Ball, location: 2F
0-1: Foul Ball, location: 5SF
0-2: SOLO HOME RUN (Flyball, 9LD, EV 96.9 MPH), Distance : 344 ft
Batting: RHB Storm Ellis 0-0: Ball
1-0: Ball
2-0: SINGLE (Flyball, 9LS, EV 89.4 MPH)
Pitching: RHP Gilberto Etcheverry
Batting: LHB Kerry Pietrzak 0-0: Ball
1-0: Ball
2-0: Called Strike
2-1: Foul Ball, location: 2F
2-2: Ball
3-2: Foul Ball, location: 2F
3-2: Strikes out swinging
Batting: RHB Isaac Joseph 0-0: Ball
1-0: Swinging Strike
1-1: Ball
2-1: Ball
3-1: Foul Ball, location: 5F
3-2: Foul Ball, location: 5SF
3-2: Base on Balls
Storm Ellis to second
Batting: RHB Everson Alberto 0-0: Ball
1-0: Called Strike
1-1: Ball
2-1: Called Strike
2-2: Ball
3-2: Foul Ball, location: 9LDF
3-2: Base on Balls
Storm Ellis to third
Isaac Joseph to second
Batting: LHB Andrew Sibold 0-0: Ball
1-0: Fly out, F7 (Flyball, 7, EV 87.5 MPH)
Top of the 6th over - 1 run, 2 hits, 0 errors, 3 left on base; Los Angeles 1 - Baltimore 5
BOTTOM OF THE 6TH
Baltimore Orioles batting - Pitching for Los Angeles Dodgers : RHP Lucas Williams
Batting: RHB Gunner Parks 0-0: Swinging Strike
0-1: Called Strike
0-2: Strikes out swinging
Batting: RHB Dong-Kyoon Shin 0-0: Ball
1-0: Fly out, F4 (Popup, 3S, EV 78.1 MPH)
Pitching: LHP Woodrow Buckmaster
Batting: RHB Martin Taylor 0-0: Foul Ball, location: 3F
0-1: Ball
1-1: Ball
2-1: Ball
3-1: Base on Balls
Batting: RHB Gonçalo Melo 0-0: Ball
1-0: Ball
2-0: Called Strike
2-1: Called Strike
2-2: Ball
3-2: Base on Balls
Martin Taylor to second
Batting: LHB Tony Goerner 0-0: Ball
1-0: Ball
2-0: Foul Ball, location: 2F
2-1: Swinging Strike
2-2: Strikes out looking
Bottom of the 6th over - 0 runs, 0 hits, 0 errors, 2 left on base; Los Angeles 1 - Baltimore 5
TOP OF THE 7TH
Los Angeles Dodgers batting - Pitching for Baltimore Orioles : RHP Gilberto Etcheverry
Batting: SHB Kevin Tanaka 0-0: Foul Ball, location: 2F
0-1: Ball
1-1: Called Strike
1-2: Ball
2-2: DOUBLE (Flyball, 8LXD, EV 90.6 MPH)
Batting: RHB Christian LeTourneau 0-0: Ball
1-0: Foul Ball, location: 5F
1-1: Called Strike
1-2: SINGLE (Line Drive, 3D, EV 108.1 MPH)
Kevin Tanaka to third
Pitching: RHP Xavier Basha
Batting: RHB Noah Summerville 0-0: Ball
1-0: DOUBLE (Flyball, 89D, EV 106.9 MPH)
Kevin Tanaka scores
Christian LeTourneau to third
Batting: LHB Trent Veasey 0-0: Called Strike
0-1: Ball
1-1: Swinging Strike
1-2: Foul Ball, location: 23FF
1-2: Ball
2-2: 3-RUN HOME RUN (Flyball, 9D, EV 102.5 MPH), Distance : 418 ft
Batting: RHB Storm Ellis 0-0: SOLO HOME RUN (Flyball, 7D, EV 95.0 MPH), Distance : 376 ft
Batting: LHB Kerry Pietrzak 0-0: Ball
1-0: Called Strike
1-1: Foul Ball, location: 25F
1-2: Foul Ball, location: 7LSF
1-2: SOLO HOME RUN (Flyball, 9D, EV 98.8 MPH), Distance : 374 ft
Pitching: RHP Charlie Kerr
Batting: RHB Isaac Joseph 0-0: Swinging Strike
0-1: Swinging Strike
0-2: Ball
1-2: Foul Ball, location: 2F
1-2: Strikes out looking
Batting: RHB Everson Alberto 0-0: Called Strike
0-1: Ball
1-1: Called Strike
1-2: Foul Ball, location: 3FF
1-2: Ball
2-2: Foul Ball, location: 9LMF
2-2: Strikes out swinging
Batting: LHB Andrew Sibold 0-0: Called Strike
0-1: Ball
1-1: Ball
2-1: Swinging Strike
2-2: Foul Ball, location: 9LDF
2-2: Strikes out swinging
Top of the 7th over - 6 runs, 6 hits, 0 errors, 0 left on base; Los Angeles 7 - Baltimore 5
BOTTOM OF THE 7TH
Baltimore Orioles batting - Pitching for Los Angeles Dodgers : LHP Woodrow Buckmaster
Batting: SHB Magglio Trego 0-0: Ball
1-0: Ball
2-0: Ground out 6-3 (Groundball, 6, EV 82.5 MPH)
Batting: SHB Kaleb Drew 0-0: Called Strike
0-1: Ball
1-1: Ball
2-1: Ball
3-1: Foul Ball, location: 3FF
3-2: Foul Ball, location: 2F
3-2: Fly out, F8 (Flyball, 8LXD, EV 106.3 MPH)
Batting: RHB Paul Ramos 0-0: Swinging Strike
0-1: Ball
1-1: Foul Ball, location: 2F
1-2: Ball
2-2: Foul Ball, location: 9LSF
2-2: Ground out 5-3 (Groundball, 56S, EV 80.0 MPH)
Bottom of the 7th over - 0 runs, 0 hits, 0 errors, 0 left on base; Los Angeles 7 - Baltimore 5
TOP OF THE 8TH
Los Angeles Dodgers batting - Pitching for Baltimore Orioles : RHP Charlie Kerr
Batting: SHB Kevin Tanaka 0-0: Called Strike
0-1: Ball
1-1: Foul Ball, location: 9LMF
1-2: Ball
2-2: Foul Ball, location: 7LMF
2-2: Ground out 6-3 (Groundball, 6, EV 102.5 MPH)
Batting: RHB Christian LeTourneau 0-0: Foul Ball, location: 23F
0-1: Foul Ball, location: 23FF
0-2: Ball
1-2: SINGLE (Line Drive, 8RS, EV 100.6 MPH)
Batting: RHB Noah Summerville 0-0: Ball
1-0: Foul Ball, location: 5FF
1-1: Ball
2-1: Foul Ball, location: 25F
2-2: Foul Ball, location: 2RF, Error on foul ball, E2
2-2: Grounds into double play, 6-4-3 (Groundball, 6S, EV 81.3 MPH)
Top of the 8th over - 0 runs, 1 hit, 1 error, 0 left on base; Los Angeles 7 - Baltimore 5
BOTTOM OF THE 8TH
Baltimore Orioles batting - Pitching for Los Angeles Dodgers : LHP Woodrow Buckmaster
Pitching: RHP Scott McKinnis
Now at 2B: Logan Begin
Batting: RHB Cooper Bean 0-0: Ball
1-0: Ground out 5-3 (Groundball, 56, EV 105.0 MPH)
Batting: RHB Gunner Parks 0-0: Called Strike
0-1: Foul Ball, location: 5F
0-2: Foul Ball, location: 9LMF
0-2: Ground out 4-3 (Groundball, 4, EV 81.3 MPH)
Batting: RHB Dong-Kyoon Shin 0-0: Swinging Strike
0-1: Called Strike
0-2: Strikes out looking
Bottom of the 8th over - 0 runs, 0 hits, 0 errors, 0 left on base; Los Angeles 7 - Baltimore 5
TOP OF THE 9TH
Los Angeles Dodgers batting - Pitching for Baltimore Orioles : RHP Charlie Kerr
Batting: LHB Trent Veasey 0-0: Called Strike
0-1: Ball
1-1: Swinging Strike
1-2: Hit by Pitch
Batting: RHB Storm Ellis 0-0: Ball
1-0: SINGLE (Groundball, 34D, EV 99.4 MPH)
Trent Veasey to second
Runner from 2nd tries for 3rd, SAFE, throw by RF made to third
Batting: LHB Kerry Pietrzak 0-0: Foul Ball, location: 7LDF
0-1: Ball
1-1: Ball
2-1: Called Strike
2-2: Ball
3-2: SINGLE (Line Drive, 78M, EV 90.6 MPH)
Trent Veasey scores
Storm Ellis to second
Batting: RHB Isaac Joseph 0-0: Ball
1-0: Foul Ball, location: 23FF
1-1: 3-RUN HOME RUN (Flyball, 7D, EV 95.0 MPH), Distance : 372 ft
Pitching: RHP Marky England
Batting: RHB Everson Alberto 0-0: Foul Ball, location: 2F
0-1: Ball
1-1: Ball
2-1: Swinging Strike
2-2: Foul Ball, location: 2F
2-2: Ball
3-2: Base on Balls
Batting: LHB Andrew Sibold 0-0: Called Strike
0-1: Called Strike
0-2: Foul Ball, location: 9LSFF
0-2: Ball
1-2: Ball
2-2: Strikes out looking
Batting: SHB Logan Begin 0-0: Ball
1-0: Ball
2-0: Ball
3-0: Base on Balls
Everson Alberto to second
Batting: RHB Christian LeTourneau 0-0: Called Strike
0-1: Foul Ball, location: 2F
0-2: Grounds into double play, 5-4-3 (Groundball, 56S, EV 90.0 MPH)
Top of the 9th over - 4 runs, 3 hits, 0 errors, 1 left on base; Los Angeles 11 - Baltimore 5
BOTTOM OF THE 9TH
Baltimore Orioles batting - Pitching for Los Angeles Dodgers : RHP Scott McKinnis
Batting: RHB Martin Taylor 0-0: Called Strike
0-1: Ball
1-1: Ball
2-1: Foul Ball, location: 2F
2-2: Foul Ball, location: 23F
2-2: Strikes out swinging
Pinch Hitting: LHB Shaun Lane 0-0: Called Strike
0-1: Ground out 4-3 (Groundball, 34, EV 86.3 MPH)
Batting: LHB Tony Goerner 0-0: Ball
1-0: Ball
2-0: SINGLE (Flyball, 7LS, EV 94.4 MPH)
Batting: SHB Magglio Trego 0-0: Ball
Passed Ball!
Tony Goerner to second
1-0: Called Strike
1-1: Foul Ball, location: 3FF
1-2: Ball
2-2: Strikes out swinging
Bottom of the 9th over - 0 runs, 1 hit, 0 errors, 1 left on base; Los Angeles 11 - Baltimore 5
Thursday, April 25th , 2024 - OOTP Baseball 24.11 Build 85